 Dungeon Crawl Stone Soup version 0.32-a0-391-gce5c0aab1b (webtiles) character file.

Game seed: 12333542834300191808

261903 cforsyth the Warrior (level 20, -7/164 HPs)
             Began as a Djinni Fire Elementalist on Feb 19, 2024.
             Mangled by a searing wretch (28 damage)
             ... led by Margery
             ... on level 2 of the Vaults.
             The game lasted 01:53:28 (38064 turns).

cforsyth the Warrior (Djinni Fire Elementalist)    Turns: 38064, Time: 01:53:28

Health: -7/164     AC: 14    Str:  7    XL:     20   Next: 79%
Gold:   2506       EV: 23    Int: 27    God:
                   SH:  0    Dex: 17

rFire   + + .        a - +7 long sword of Gravity {flame, rC+ Int+2}
rCold   + . .        y - orb {light}
rNeg    + + .        U - +1 troll leather armour "Xeqafoas" {+Blink rN+ Regen+ Dex+2}
rPois   ∞            p - +0 helmet
rElec   .            e - +2 cloak of Negligence {rC+ rN+}
rCorr   .            R - +1 pair of gloves "Fuluczo" {*Corrode Will+++ Stlth+}
SInv    .            (boots unavailable)
Will    +++++        M - amulet of regeneration
Stlth   +            E - +5 ring of evasion
HPRegen 2.07/turn    T - +4 ring of protection
MPRegen 0.00/turn

%: corrode self (3%), infuse magic (-8 HP)
@: freezing walls, flying, glowing
A: sickness immunity, fire resistance 2, cold vulnerability 1, float, innate
caster, HP casting, extra vitality 1
}: 2/15 runes: serpentine, barnacled
a: Evoke Blink


You were on level 2 of the Vaults.
You visited 6 branches of the dungeon, and saw 32 of its levels.
You also visited: Sewer, Ossuary and Ice Cave.

You collected 4226 gold pieces.
You spent 1720 gold pieces at shops.


Innate Abilities, Weirdness & Mutations

You are immune to sickness and miasma.
You are immune to poison.
Your flesh is very heat resistant. (rF++)
You are vulnerable to cold. (rC-)
You float through the air rather than walking.
You learn spells naturally, not from books.
Your magical power is your life essence.
You have superior vitality. (+4 MHP)


   Skills:
 - Level 20.7 Fighting
 + Level 12.1 Dodging
 - Level 1.5 Stealth
 + Level 10.9 Shields
 * Level 19.6 Spellcasting
 * Level 19.6 Conjurations
 * Level 19.6 Hexes
 * Level 19.6 Summonings
 * Level 19.6 Necromancy
 * Level 19.6 Translocations
 * Level 19.6 Fire Magic
 * Level 19.6 Ice Magic
 * Level 19.6 Air Magic
 * Level 19.6 Earth Magic
 * Level 19.6 Alchemy


You knew the following spells:

 Your Spells              Type           Power      Damage    Failure   Level
a - Apportation           Tloc           100%       N/A       0%          1
b - Vhi's Electric Charg  Tloc/Air       100%       N/A       0%          4
c - Starburst             Conj/Fire      46%        6d13      1%          6
d - Tukima's Dance        Hex            93%        N/A       0%          3
e - Orb of Destruction    Conj           46%        9d12      1%          7
f - Foxfire               Conj/Fire      100%       2x1d9     0%          1
i - Dispersal             Tloc           46%        N/A       1%          6
l - Lee's Rapid Deconstr  Erth           46%        3d22*     1%          5
n - Frozen Ramparts       Ice            100%       1d16      0%          3
r - Inner Flame           Hex/Fire       93%        N/A       0%          3
s - Searing Ray           Conj           100%       2d8       0%          2
X - Scorch                Fire           100%       2d9       0%          2
Y - Volatile Blastmotes   Fire/Tloc      100%       2d18      0%          3
Z - Flame Wave            Conj/Fire      93%        2d20      0%          4
Your spell library was empty.

Inventory:

Hand Weapons
 a - the +7 long sword of Gravity (weapon) {flame, rC+ Int+2}
   (You found it on level 11 of the Dungeon)

   Int+2:     It affects your intelligence (+2).
   rC+:       It protects you from cold.
Armour
 e - the +2 cloak of Negligence (worn) {rC+ rN+}
   (You acquired it on level 5 of the Dungeon)

   rC+:       It protects you from cold.
   rN+:       It protects you from negative energy.
 j - a +1 troll leather armour {Pargi}
 p - a +0 helmet (worn)
 y - an orb of light (worn)
 R - the +1 pair of gloves "Fuluczo" (worn) {*Corrode Will+++ Stlth+}
   (You bought it in a shop on level 2 of the Orcish Mines)

   Will+++:   It greatly increases your willpower.
   *Corrode:  It may corrode you when you take damage.
   Stlth+:    It makes you more stealthy.
 U - the +1 troll leather armour "Xeqafoas" (worn) {+Blink rN+ Regen+ Dex+2}
   (You found it on level 2 of the Lair of Beasts)

   Dex+2:     It affects your dexterity (+2).
   rN+:       It protects you from negative energy.
   +Blink:    It lets you blink.
   Regen+:    It increases your rate of health regeneration.
 V - the +0 scale mail of Yesterday {rElec rC+ Will+}
   (You bought it in a shop on level 1 of the Orcish Mines)

   rC+:       It protects you from cold.
   rElec:     It insulates you from electricity.
   Will+:     It increases your willpower.
Magical Staves
 u - a staff of death {!a}
 B - a staff of air {!a}
 H - a staff of cold {!a}
Jewellery
 v - a ring of see invisible
 E - a +5 ring of evasion (left hand)
 F - a ring of fire
 I - a +6 ring of intelligence
 M - an amulet of regeneration (around neck)
 O - an amulet of faith {!P}
 T - a +4 ring of protection (right hand)
Wands
 h - a wand of iceblast (19)
 r - a wand of acid (32)
 G - a wand of polymorph (12)
 K - a wand of flame (64)
 L - a wand of charming (28)
 Y - a wand of mindburst (2)
Scrolls
 b - 3 scrolls of poison
 d - a scroll of acquirement
 i - 9 scrolls of vulnerability
 k - 3 scrolls of revelation
 o - 2 scrolls of fear
 w - 4 scrolls of silence {!r}
 z - a scroll of immolation
 C - 6 scrolls of teleportation {@r2}
 J - 4 scrolls of enchant armour
 N - a scroll of butterflies
 P - 15 scrolls of identify {@r1}
 S - 5 scrolls of blinking
 W - 2 scrolls of torment
 X - 2 scrolls of enchant weapon
 Z - 2 scrolls of fog
Potions
 c - 4 potions of resistance
 f - 8 potions of curing {@q1}
 g - a potion of brilliance
 l - a potion of ambrosia
 m - 2 potions of cancellation
 n - 6 potions of haste {@q3}
 q - 4 potions of berserk rage {!q}
 s - 7 potions of might
 t - 9 potions of heal wounds {@q2}
 x - 8 potions of lignification
 A - 7 potions of enlightenment
 D - 6 potions of attraction
 Q - a potion of mutation

Dungeon Overview and Level Annotations

Branches:
Dungeon (15/15)            Temple (0/1) D:7            Lair (5/5) D:8
 Shoals (4/4) Lair:2        Snake (4/4) Lair:3        Slime (0/5) Lair:5
    Orc (2/2) D:9             Elf (0/3) Orc:2        Vaults (2/5) D:14
 Depths (0/4) D:15          Sewer (visited)         Ossuary (visited)
  IceCv (visited)
  Crypt: Vaults:2-3

Altars:
Ashenzari
Elyvilon
Fedhas
Makhleb
Okawaru
Qazlal
Trog
Zin
The Shining One
Jiyva

Shops:
D:1 *   D:2 :   D:5 [   D:6 :**:(   Orc:1 [   Orc:2 [[!=   Shoals:2 =
Shoals:3 [   Snake:1 *   Snake:4 (   Vaults:1 =   Vaults:2 (

Portals:
Hell: Lair:5
Trove: D:10 (show slimy rune of Zot)

Annotations:
D:14 2 transporters, exclusion: obsidian statue, greenreed's ghost, journeyman CoBe
Lair:5 3 runed translucent doors, MadMike78's ghost, journeyman CoGl
Snake:3 2 transporters

▒..........▒
▒..........▒
▒..........▒
▒..........▒
▒..........▒
▒...)......▒
▒..........▒
▒..........▒
▒▒▒▒▒▒@▒▒▒▒▒▒
▒.)pn)§....▒
▒.▒▒▒▒▒▒▒▒.▒
▒. ▒p ▒@ ne
'. ▒p


You could see a searing wretch and a hell knight.


Message History

The blast of rock fragments hits the searing wretch!!
The searing wretch is heavily damaged.
* * * LOW HITPOINT WARNING * * *
You are engulfed in blazing flames.
You resist.
* * * LOW HITPOINT WARNING * * *
The wall freezes the hell knight.
The searing wretch resists.
The wall freezes the searing wretch.
The searing wretch claws you!!
* * * LOW HITPOINT WARNING * * *
You are engulfed in flames!
You resist.
* * * LOW HITPOINT WARNING * * *
The searing wretch bites you but does no damage.
Unknown command.
Casting: Lee's Rapid Deconstruction (safe; 1% risk of failure)
Confirm with . or Enter, or press ? or * to list all spells.
Aiming: Lee's Rapid Deconstruction (safe; 1% risk of failure)
Press: ? - help, Dir - move target A stone wall, covered with ice.
This square is lit by a halo.
The wall shatters!
The blast of rock fragments hits the hell knight!
The hell knight is heavily wounded.
The blast of rock fragments hits the searing wretch!!
The searing wretch is severely damaged.
* * * LOW HITPOINT WARNING * * *
You are engulfed in blazing flames.
You resist.
* * * LOW HITPOINT WARNING * * *
The wall freezes the hell knight but does no damage.
The searing wretch resists.
The wall freezes the searing wretch.
The searing wretch claws you!!
You die...

Skill      XL: |  1  2  3  4  5  6  7  8  9 10 11 12 13 14 15 16 17 18 19 20 |
---------------+-------------------------------------------------------------+-----
Fighting       | 1 2 3 4 5 7 9 11 13 14 16 17 19 20 | 20.7
Spellcasting   | 4 5 6 7 9 10 11 12 14 15 16 17 18 19 | 19.6
Conjurations   | 4 5 6 7 9 10 11 12 14 15 16 17 18 19 | 19.6
Hexes          | 4 5 6 7 9 10 11 12 14 15 16 17 18 19 | 19.6
Summonings     | 4 5 6 7 9 10 11 12 14 15 16 17 18 19 | 19.6
Necromancy     | 4 5 6 7 9 10 11 12 14 15 16 17 18 19 | 19.6
Translocations | 4 5 6 7 9 10 11 12 14 15 16 17 18 19 | 19.6
Fire Magic     | 4 5 6 7 9 10 11 12 14 15 16 17 18 19 | 19.6
Ice Magic      | 4 5 6 7 9 10 11 12 14 15 16 17 18 19 | 19.6
Air Magic      | 4 5 6 7 9 10 11 12 14 15 16 17 18 19 | 19.6
Earth Magic    | 4 5 6 7 9 10 11 12 14 15 16 17 18 19 | 19.6
Alchemy        | 4 5 6 7 9 10 11 12 14 15 16 17 18 19 | 19.6
Shields        | 4 7 9 10 | 10.9
Dodging        | 5 8 10 12 | 12.1
Stealth        | |  1.5

Action                     |  1- 3 |  4- 6 |  7- 9 | 10-12 | 13-15 | 16-18 | 19-21 || total
---------------------------+-------+-------+-------+-------+-------+-------+-------++-------
  Melee: Long sword        |       |       |       |       |     4 |       |       ||     4
   Cast: Foxfire           |    71 |   121 |   296 |   357 |   306 |   122 |   106 ||  1379
         Inner Flame       |       |     1 |    30 |    95 |   208 |   280 |   149 ||   763
         Scorch            |       |       |    25 |    87 |    78 |    24 |       ||   214
         Flame Wave        |       |       |       |     4 |     1 |       |       ||     5
         Lee's Rapid Decon |       |       |       |       |   143 |   354 |   137 ||   634
         Starburst         |       |       |       |       |    41 |   130 |   147 ||   318
         Tukima's Dance    |       |       |       |       |       |    10 |       ||    10
         Frozen Ramparts   |       |       |       |       |       |     3 |     1 ||     4
         Orb of Destructio |       |       |       |       |       |       |     7 ||     7
         Dispersal         |       |       |       |       |       |       |     1 ||     1
  Evoke: Wand              |       |       |     1 |     2 |       |       |       ||     3
    Use: Scroll            |       |       |    15 |     7 |    15 |     2 |       ||    39
         Potion            |       |       |       |       |       |     1 |       ||     1
 Armour: Robe              |     1 |     4 |     9 |       |       |       |       ||    14
         Troll leather arm |       |       |    40 |   187 |   305 |   422 |   208 ||  1162
  Dodge: Dodged            |     5 |     4 |    29 |   114 |   156 |   244 |   139 ||   691

Levels and vault maps discovered:
D:1:      onia_arrival_handbag, layout_loops_ring, serial_shops,
          nicolae_shop_hallway_plus
D:2:      layout_rooms, serial_shops, shop, dk_vineyard_2,
          minmay_tree_intersection, uniq_sigmund, uniq_natasha
D:3:      layout_rooms
D:4:      layout_cave_pods, uniq_eustachio
D:5:      layout_basic, lemuel_doored_altar, ashenzari_conservatory_becter,
          serial_shops, shop, portal_sewer_entry_f
D:6:      layout_basic, fedhas_altar_1, mainiacjoe_overflow_alcove_1,
          gammafunk_temple_overflow_elements, serial_shops, shop, shop,
          nicolae_shop_bloodbath_and_beyond, shop, shop, uniq_jeremiah
D:7:      layout_loops_ring, minmay_temple_entry_waves, enter_ossuary_2,
          serial_glass, glass_columns_c, glass_columns_a, glass_columns_c,
          solitary_fountain, kennysheep_generic_room_13, uniq_joseph,
          uniq_crazy_yiuf_cottage
D:8:      layout_basic, dpeg_oklobed_lair
D:9:      layout_cross
D:10:     minmay_spotlight, layout_irregular_city, old_standard_altar,
          enter_trove_6, hellmonk_guarded_unrand_night
D:11:     layout_loops_ring
D:12:     layout_roguey, serial_rivers, chequers_serial_rivers_small_3,
          chequers_serial_rivers_large_b, chequers_serial_rivers_micro_c,
          chequers_serial_rivers_small_b, chequers_serial_rivers_small_3,
          chequers_serial_rivers_room_a
D:13:     layout_gridville, uniq_kirke
D:14:     layout_long_grid, hellmonk_vaults_keyhole, nzn_ghost_randoct,
          nicolae_tso_carved_into_rock
D:15:     gammafunk_depths_entry_grave, layout_long_grid,
          hangedman_abyss_or_decor_passed, nicolae_fountain_basement
Lair:1:   layout_chaotic_city, grunt_megastairs_5, serial_bayou_shore_a
Lair:2:   layout_small_grid, elwin_shoals_entry_stream
Lair:3:   layout_roguey, minmay_snake_entry_guardpost_medium, fungi_pond_lemuel,
          cheibrodos_lair_reptile_den
Lair:4:   layout_regular_city, lemuel_fruit_fields
Lair:5:   evil_forest, layout_regular_city, slime_entry_1,
          maelrawn_ghost_gauntlet_escape, hellmonk_talismancer
Shoals:1: layout_shoals
Shoals:2: layout_shoals, serial_shops, nicolae_shop_behind_doors
Shoals:3: layout_shoals, serial_shops, shop
Shoals:4: shoals_end_hellmonk_holy_island
Snake:1:  layout_basic, serial_library_regret_index_branch_corner,
          minmay_shop_mass, nicolae_triple_integral, uniq_frances
Snake:2:  layout_basic, gammafunk_ghost_necromancy
Snake:3:  gammafunk_the_bubble [the_bubble_gammafunk_split], layout_gridlike,
          basic_altar, uniq_aizul, uniq_louise
Snake:4:  minmay_snake_end_coiled, layout_cave_town, serial_shops,
          nicolae_shop_real_fake_doors, lemuel_oklob_altar
Orc:1:    layout_diamond_mine, serial_shops, shop
Orc:2:    grunt_orc_tribal_feast, layout_caves, portal_ice_cave_entry_pillars_1
Vaults:1: grunt_vaults_focal, nicolae_vaults_closet_pinwheel_3,
          hangedman_vaults_impose, v_misc_17, grunt_vaults_swirl, v_misc_13,
          nicolae_vaults_asterisk, nicolae_vaults_storage_room_glass,
          vaults_dpeg_hooks, v_alt_pattern_2, v_alt_pattern_3,
          nicolae_vaults_tetromino_Z_1, vaults_mumra_lcd,
          nicolae_vaults_trapezoid_lopsided_1, layout_vaults_omnicross,
          serial_shops, nicolae_shop_tiny_waterfront
Vaults:2: minmay_crypt_entry_simple_walls, nicolae_vaults_frosty_reception,
          v_rooms_1, nicolae_vaults_tetromino_L_2, nicolae_vaults_rhombus_5,
          hangedman_vaults_stretched_pinwheel,
          nicolae_vaults_doubleplus_tesselated, ontoclasm_vaults_eye,
          nicolae_vaults_closet_pinwheel_3,
          nicolae_vaults_taking_the_gang_shopping, ontoclasm_vaults_ligature,
          nicolae_vaults_mush_room, ontoclasm_vaults_gateway,
          layout_vaults_maze_snakey, uniq_margery

Notes
Turn   | Place    | Note
-------+----------+-------------------------------------------
     0 | D:1      | cforsyth the Djinni Fire Elementalist began the quest for
                  | the Orb.
     0 | D:1      | cforsyth set off with the following spells memorised:
                  | Foxfire, Scorch, Volatile Blastmotes, Inner Flame, Flame
                  | Wave.
     0 | D:1      | Reached XP level 1. HP: 15/15 MP: 0/0
    45 | D:1      | Reached XP level 2. HP: 20/22 MP: 0/0
    67 | D:1      | Reached skill level 1 in Fighting
   148 | D:1      | Reached XP level 3. HP: 24/27 MP: 0/0
   148 | D:1      | Learned a level 1 spell: Apportation
   448 | D:1      | Reached skill level 2 in Fighting
   585 | D:1      | Reached XP level 4. HP: 31/33 MP: 0/0
   811 | D:1      | Found Xergh's Assorted Antiques.
   816 | D:1      | Bought a scroll labelled REECWODWUU for 23 gold pieces
   975 | D:2      | Noticed Sigmund
   979 | D:2      | Killed Sigmund
   980 | D:2      | Reached skill level 3 in Fighting
   980 | D:2      | Reached skill level 4 in Spellcasting
   980 | D:2      | Reached skill level 4 in Conjurations
   980 | D:2      | Reached skill level 4 in Hexes
   980 | D:2      | Reached skill level 4 in Summonings
   980 | D:2      | Reached skill level 4 in Necromancy
   980 | D:2      | Reached skill level 4 in Translocations
   980 | D:2      | Reached skill level 4 in Fire Magic
   980 | D:2      | Reached skill level 4 in Ice Magic
   980 | D:2      | Reached skill level 4 in Air Magic
   980 | D:2      | Reached skill level 4 in Earth Magic
   980 | D:2      | Reached skill level 4 in Alchemy
   980 | D:2      | Reached XP level 5. HP: 33/41 MP: 0/0
   980 | D:2      | Learned a level 2 spell: Searing Ray
   980 | D:2      | Reached XP level 6. HP: 38/47 MP: 0/0
  1253 | D:2      | Noticed Natasha
  1258 | D:2      | Killed Natasha
  1259 | D:2      | Reached skill level 4 in Fighting
  1321 | D:2      | Found Veacopsu's Book Emporium.
  1390 | D:2      | Noticed Natasha
  1394 | D:2      | Killed Natasha
  1615 | D:2      | Noticed Natasha
  1626 | D:2      | Killed Natasha
  1725 | D:1      | Bought a lumpy emerald potion for 20 gold pieces
  2014 | D:3      | Reached XP level 7. HP: 50/53 MP: 0/0
  2014 | D:3      | Learned a level 3 spell: Frozen Ramparts
  2517 | D:4      | Found the +5 glaive of the Guard {elec, spectral}
  2708 | D:4      | Noticed Eustachio
  2730 | D:4      | Reached skill level 5 in Fighting
  2730 | D:4      | Reached skill level 5 in Spellcasting
  2730 | D:4      | Reached skill level 5 in Conjurations
  2730 | D:4      | Reached skill level 5 in Hexes
  2730 | D:4      | Reached skill level 5 in Summonings
  2730 | D:4      | Reached skill level 5 in Necromancy
  2730 | D:4      | Reached skill level 5 in Translocations
  2730 | D:4      | Reached skill level 5 in Fire Magic
  2730 | D:4      | Reached skill level 5 in Ice Magic
  2730 | D:4      | Reached skill level 5 in Air Magic
  2730 | D:4      | Reached skill level 5 in Earth Magic
  2730 | D:4      | Reached skill level 5 in Alchemy
  2736 | D:4      | Killed Eustachio
  3249 | D:5      | Entered Level 5 of the Dungeon
  3260 | D:5      | Identified a scroll of acquirement
  3260 | D:5      | Acquired the +2 cloak of Negligence {rC+ rN+}
  3378 | D:5      | Found a glowing drain.
  3387 | Sewer    | Entered a sewer
  3442 | Sewer    | Noticed Pargi
  3447 | Sewer    | Killed Pargi
  3448 | Sewer    | Reached XP level 8. HP: 57/61 MP: 0/0
  3508 | Sewer    | Identified the +0 ring mail of Death's Door {rPois rC-
                  | Regen+ rCorr}
  3542 | Sewer    | Reached skill level 6 in Fighting
  3859 | D:5      | Reached skill level 6 in Spellcasting
  3859 | D:5      | Reached skill level 6 in Conjurations
  3859 | D:5      | Reached skill level 6 in Hexes
  3859 | D:5      | Reached skill level 6 in Summonings
  3859 | D:5      | Reached skill level 6 in Necromancy
  3859 | D:5      | Reached skill level 6 in Translocations
  3859 | D:5      | Reached skill level 6 in Fire Magic
  3859 | D:5      | Reached skill level 6 in Ice Magic
  3859 | D:5      | Reached skill level 6 in Air Magic
  3859 | D:5      | Reached skill level 6 in Earth Magic
  3859 | D:5      | Reached skill level 6 in Alchemy
  3882 | D:5      | Found Appegruto's Armour Shop.
  3993 | D:5      | Found a stormy altar of Qazlal.
  4014 | D:5      | Found a broken altar of Ashenzari.
  4123 | D:6      | Found a blossoming altar of Fedhas.
  4141 | D:6      | Reached skill level 7 in Fighting
  4264 | D:6      | Found an iron altar of Okawaru.
  4337 | D:6      | Reached XP level 9. HP: 67/68 MP: 0/0
  4337 | D:6      | Learned a level 3 spell: Tukima's Dance
  4340 | D:6      | Noticed Jeremiah
  4350 | D:6      | Killed Jeremiah
  4351 | D:6      | Reached skill level 8 in Fighting
  4351 | D:6      | Reached skill level 7 in Spellcasting
  4351 | D:6      | Reached skill level 7 in Conjurations
  4351 | D:6      | Reached skill level 7 in Hexes
  4351 | D:6      | Reached skill level 7 in Summonings
  4351 | D:6      | Reached skill level 7 in Necromancy
  4351 | D:6      | Reached skill level 7 in Translocations
  4351 | D:6      | Reached skill level 7 in Fire Magic
  4351 | D:6      | Reached skill level 7 in Ice Magic
  4351 | D:6      | Reached skill level 7 in Air Magic
  4351 | D:6      | Reached skill level 7 in Earth Magic
  4351 | D:6      | Reached skill level 7 in Alchemy
  4389 | D:6      | Found Vuvinkot's General Store.
  4416 | D:6      | Bought a scroll of identify for 22 gold pieces
  4423 | D:6      | Found a bloodstained altar of Trog.
  4424 | D:6      | Found Wubben's Book Emporium.
  4461 | D:6      | Found Tieceogedo's Weapon Boutique.
  4755 | D:6      | Found Yssekunu's Assorted Antiques.
  4755 | D:6      | Found Peyd's Book Boutique.
  5292 | D:7      | Noticed Joseph
  5302 | D:7      | Killed Joseph
  5303 | D:7      | Reached skill level 9 in Fighting
  5318 | D:7      | Found a sand-covered staircase.
  5323 | Ossuary  | Entered an ossuary
  5538 | Ossuary  | Reached XP level 10. HP: 73/78 MP: 0/0
  5734 | D:7      | Found a staircase to the Ecumenical Temple.
  5894 | D:7      | Found a runed translucent door.
  5895 | D:7      | Noticed Crazy Yiuf
  6032 | D:7      | Reached skill level 8 in Spellcasting
  6032 | D:7      | Reached skill level 8 in Conjurations
  6032 | D:7      | Reached skill level 8 in Hexes
  6032 | D:7      | Reached skill level 8 in Summonings
  6032 | D:7      | Reached skill level 8 in Necromancy
  6032 | D:7      | Reached skill level 8 in Translocations
  6032 | D:7      | Reached skill level 8 in Fire Magic
  6032 | D:7      | Reached skill level 8 in Ice Magic
  6032 | D:7      | Reached skill level 8 in Air Magic
  6032 | D:7      | Reached skill level 8 in Earth Magic
  6032 | D:7      | Reached skill level 8 in Alchemy
  6285 | D:7      | Reached skill level 10 in Fighting
  6541 | D:8      | Found a staircase to the Lair.
  6918 | D:9      | Found a staircase to the Orcish Mines.
  7172 | D:9      | Reached skill level 11 in Fighting
  7178 | D:9      | Reached skill level 9 in Spellcasting
  7178 | D:9      | Reached skill level 9 in Conjurations
  7178 | D:9      | Reached skill level 9 in Hexes
  7178 | D:9      | Reached skill level 9 in Summonings
  7178 | D:9      | Reached skill level 9 in Necromancy
  7178 | D:9      | Reached skill level 9 in Translocations
  7178 | D:9      | Reached skill level 9 in Fire Magic
  7178 | D:9      | Reached skill level 9 in Ice Magic
  7178 | D:9      | Reached skill level 9 in Air Magic
  7178 | D:9      | Reached skill level 9 in Earth Magic
  7178 | D:9      | Reached skill level 9 in Alchemy
  8020 | D:10     | Entered Level 10 of the Dungeon
  8026 | D:10     | Reached XP level 11. HP: 39/87 MP: 0/0
  8026 | D:10     | Learned a level 4 spell: Vhi's Electric Charge
  8510 | D:10     | Noticed a two-headed ogre
  8521 | D:10     | Killed a two-headed ogre
  8522 | D:10     | Reached skill level 12 in Fighting
  8762 | D:10     | Found a portal to a secret trove of treasure.
  8818 | D:10     | Reached skill level 10 in Spellcasting
  8818 | D:10     | Reached skill level 10 in Conjurations
  8818 | D:10     | Reached skill level 10 in Hexes
  8818 | D:10     | Reached skill level 10 in Summonings
  8818 | D:10     | Reached skill level 10 in Necromancy
  8818 | D:10     | Reached skill level 10 in Translocations
  8818 | D:10     | Reached skill level 10 in Fire Magic
  8818 | D:10     | Reached skill level 10 in Ice Magic
  8818 | D:10     | Reached skill level 10 in Air Magic
  8818 | D:10     | Reached skill level 10 in Earth Magic
  8818 | D:10     | Reached skill level 10 in Alchemy
  8978 | D:10     | Found the +5 robe of Night {Dark Will+ SInv}
  9185 | D:11     | Noticed a cyclops
  9195 | D:11     | Killed a cyclops
  9249 | D:11     | Noticed a manticore
  9254 | D:11     | Killed a manticore
  9303 | D:11     | Identified the +7 long sword of Gravity {flame, rC+ Int+2}
  9417 | D:11     | Identified 2 potions of resistance
  9971 | D:12     | Noticed a cyclops
  9984 | D:12     | Killed a cyclops
  9985 | D:12     | Reached skill level 13 in Fighting
 10027 | D:12     | Reached XP level 12. HP: 89/98 MP: 0/0
 10609 | D:12     | You are sucked into a shaft and drop 3 floors!
 10609 | D:15     | Entered Level 15 of the Dungeon
 10646 | D:15     | Reached skill level 11 in Spellcasting
 10646 | D:15     | Reached skill level 11 in Conjurations
 10646 | D:15     | Reached skill level 11 in Hexes
 10646 | D:15     | Reached skill level 11 in Summonings
 10646 | D:15     | Reached skill level 11 in Necromancy
 10646 | D:15     | Reached skill level 11 in Translocations
 10646 | D:15     | Reached skill level 11 in Fire Magic
 10646 | D:15     | Reached skill level 11 in Ice Magic
 10646 | D:15     | Reached skill level 11 in Air Magic
 10646 | D:15     | Reached skill level 11 in Earth Magic
 10646 | D:15     | Reached skill level 11 in Alchemy
 10829 | D:13     | Noticed Kirke
 10836 | D:13     | Killed Kirke
 10837 | D:13     | Reached skill level 14 in Fighting
 10971 | D:13     | Noticed a centaur warrior
 10977 | D:13     | Killed a centaur warrior
 11505 | D:13     | Noticed a boulder beetle
 11505 | D:13     | Noticed a centaur warrior
 12123 | Lair:1   | Entered Level 1 of the Lair of Beasts
 12155 | Lair:1   | Identified the +1 hand axe of Due Proportion {elec, rElec
                  | rPois}
 12277 | Lair:1   | Reached XP level 13. HP: 96/106 MP: 0/0
 12277 | Lair:1   | Learned a level 5 spell: Lee's Rapid Deconstruction
 12508 | Lair:1   | Reached skill level 15 in Fighting
 12568 | Lair:1   | Reached skill level 12 in Spellcasting
 12568 | Lair:1   | Reached skill level 12 in Conjurations
 12568 | Lair:1   | Reached skill level 12 in Hexes
 12568 | Lair:1   | Reached skill level 12 in Summonings
 12568 | Lair:1   | Reached skill level 12 in Necromancy
 12568 | Lair:1   | Reached skill level 12 in Translocations
 12568 | Lair:1   | Reached skill level 12 in Fire Magic
 12568 | Lair:1   | Reached skill level 12 in Ice Magic
 12568 | Lair:1   | Reached skill level 12 in Air Magic
 12568 | Lair:1   | Reached skill level 12 in Earth Magic
 12568 | Lair:1   | Reached skill level 12 in Alchemy
 13121 | Lair:2   | Identified the +1 troll leather armour "Xeqafoas" {+Blink
                  | rN+ Regen+ Dex+2}
 13301 | Lair:2   | Found a staircase to the Shoals.
 14026 | Lair:3   | Noticed a seven-headed hydra
 14048 | Lair:3   | Killed a seven-headed hydra
 14114 | Lair:3   | Reached skill level 16 in Fighting
 14141 | Lair:3   | Found a staircase to the Snake Pit.
 14184 | Lair:3   | Noticed an eight-headed hydra
 14188 | Lair:3   | Killed an eight-headed hydra
 14354 | Lair:3   | Noticed a four-headed hydra
 14389 | Lair:3   | Killed a four-headed hydra
 14845 | Lair:4   | Reached XP level 14. HP: 104/117 MP: 0/0
 14889 | Lair:4   | Reached skill level 13 in Spellcasting
 14889 | Lair:4   | Reached skill level 13 in Conjurations
 14889 | Lair:4   | Reached skill level 13 in Hexes
 14889 | Lair:4   | Reached skill level 13 in Summonings
 14889 | Lair:4   | Reached skill level 13 in Necromancy
 14889 | Lair:4   | Reached skill level 13 in Translocations
 14889 | Lair:4   | Reached skill level 13 in Fire Magic
 14889 | Lair:4   | Reached skill level 13 in Ice Magic
 14889 | Lair:4   | Reached skill level 13 in Air Magic
 14889 | Lair:4   | Reached skill level 13 in Earth Magic
 14889 | Lair:4   | Reached skill level 13 in Alchemy
 15461 | Lair:4   | Reached skill level 17 in Fighting
 15833 | Lair:5   | Entered Level 5 of the Lair of Beasts
 16956 | Lair:5   | Reached skill level 14 in Spellcasting
 16956 | Lair:5   | Reached skill level 14 in Conjurations
 16956 | Lair:5   | Reached skill level 14 in Hexes
 16956 | Lair:5   | Reached skill level 14 in Summonings
 16956 | Lair:5   | Reached skill level 14 in Necromancy
 16956 | Lair:5   | Reached skill level 14 in Translocations
 16956 | Lair:5   | Reached skill level 14 in Fire Magic
 16956 | Lair:5   | Reached skill level 14 in Ice Magic
 16956 | Lair:5   | Reached skill level 14 in Air Magic
 16956 | Lair:5   | Reached skill level 14 in Earth Magic
 16956 | Lair:5   | Reached skill level 14 in Alchemy
 17152 | Lair:4   | Reached XP level 15. HP: 97/126 MP: 0/0
 17152 | Lair:4   | Learned a level 6 spell: Starburst
 17203 | Lair:5   | Identified the +5 scale mail of the Accordion {SInv}
 17223 | Lair:5   | Reached skill level 18 in Fighting
 17281 | Lair:5   | Found a staircase to the Slime Pits.
 17281 | Lair:5   | Found a viscous altar of Jiyva.
 17309 | Lair:5   | Noticed MadMike78's ghost (journeyman CoGl)
 17326 | Lair:5   | Found a runed translucent gate.
 17326 | Lair:5   | Found a runed translucent gate.
 17326 | Lair:5   | Found a runed translucent gate.
 18258 | Lair:5   | Found a burning altar of Makhleb.
 18287 | Lair:5   | Found a gateway to Hell.
 18533 | Orc:1    | Entered Level 1 of the Orcish Mines
 18533 | Orc:1    | Found Zuesilee's Antique Armour Emporium.
 18913 | Orc:2    | Entered Level 2 of the Orcish Mines
 18920 | Orc:2    | Found a frozen archway.
 18929 | IceCv    | Entered an ice cave
 19165 | IceCv    | Noticed a frost giant
 19191 | IceCv    | Killed a frost giant
 19192 | IceCv    | Reached skill level 19 in Fighting
 19583 | Orc:2    | Reached skill level 15 in Spellcasting
 19583 | Orc:2    | Reached skill level 15 in Conjurations
 19583 | Orc:2    | Reached skill level 15 in Hexes
 19583 | Orc:2    | Reached skill level 15 in Summonings
 19583 | Orc:2    | Reached skill level 15 in Necromancy
 19583 | Orc:2    | Reached skill level 15 in Translocations
 19583 | Orc:2    | Reached skill level 15 in Fire Magic
 19583 | Orc:2    | Reached skill level 15 in Ice Magic
 19583 | Orc:2    | Reached skill level 15 in Air Magic
 19583 | Orc:2    | Reached skill level 15 in Earth Magic
 19583 | Orc:2    | Reached skill level 15 in Alchemy
 19768 | Orc:2    | Found a staircase to the Elven Halls.
 20098 | Orc:2    | Reached XP level 16. HP: 99/135 MP: 0/0
 20238 | Orc:2    | Found Iputoa's Armour Boutique.
 20238 | Orc:2    | Found Fopryteph's Antique Armour Emporium.
 20240 | Orc:2    | Found Icsoteh's Distillery.
 20240 | Orc:2    | Found Zuitwi Sonepp's Jewellery Emporium.
 20249 | Orc:2    | Bought a potion of mutation for 104 gold pieces
 20261 | Orc:2    | Bought a pair of heavily runed gloves for 361 gold pieces
 20261 | Orc:2    | Identified the +1 pair of gloves "Fuluczo" {*Corrode
                  | Will+++ Stlth+} (You bought it in a shop on level 2 of the
                  | Orcish Mines)
 20848 | D:7      | Killed Crazy Yiuf
 22015 | D:14     | Found a glowing golden altar of the Shining One.
 22120 | D:14     | Noticed greenreed's ghost (journeyman CoBe)
 22130 | D:14     | Found a transporter.
 22140 | D:14     | Found a transporter.
 22378 | D:14     | Found a gate to the Vaults.
 22570 | D:15     | Reached skill level 20 in Fighting
 22940 | D:15     | Found a staircase to the Depths.
 23941 | Snake:1  | Entered Level 1 of the Snake Pit
 24297 | Snake:1  | Reached skill level 16 in Spellcasting
 24297 | Snake:1  | Reached skill level 16 in Conjurations
 24297 | Snake:1  | Reached skill level 16 in Hexes
 24297 | Snake:1  | Reached skill level 16 in Summonings
 24297 | Snake:1  | Reached skill level 16 in Necromancy
 24297 | Snake:1  | Reached skill level 16 in Translocations
 24297 | Snake:1  | Reached skill level 16 in Fire Magic
 24297 | Snake:1  | Reached skill level 16 in Ice Magic
 24297 | Snake:1  | Reached skill level 16 in Air Magic
 24297 | Snake:1  | Reached skill level 16 in Earth Magic
 24297 | Snake:1  | Reached skill level 16 in Alchemy
 24555 | Snake:1  | Noticed Frances
 24838 | Snake:1  | Killed Frances
 24961 | Snake:1  | Reached XP level 17. HP: 102/145 MP: 0/0
 24961 | Snake:1  | Learned a level 6 spell: Dispersal
 25436 | Snake:1  | Found Yhagg's Mass Market.
 25976 | Snake:2  | Acquired 857 gold pieces
 26119 | Orc:1    | Bought an ancient scale mail for 261 gold pieces
 26119 | Orc:1    | Identified the +0 scale mail of Yesterday {rElec rC+ Will+}
                  | (You bought it in a shop on level 1 of the Orcish Mines)
 26187 | D:6      | Bought a sapphire glaive for 253 gold pieces
 26187 | D:6      | Identified the +7 glaive "Xybi" {freeze, rPois rF+} (You
                  | bought it in a shop on level 6 of the Dungeon)
 26415 | Snake:2  | Reached skill level 1 in Shields
 26423 | Snake:2  | Reached skill level 3 in Dodging
 26546 | Snake:2  | Reached skill level 2 in Shields
 26829 | Snake:2  | Found a runed translucent gate.
 26829 | Snake:2  | Found a runed translucent gate.
 26830 | Snake:2  | Found a runed translucent gate.
 27191 | Snake:2  | Noticed Woezunes's ghost (adept FeSu)
 27201 | Snake:2  | Killed Woezunes's ghost
 27202 | Snake:2  | Reached skill level 4 in Dodging
 27351 | Snake:3  | Identified the serpent talisman "Yrorchol" {Will++ Str-4
                  | Dex+7}
 27351 | Snake:3  | Noticed Aizul
 27368 | Snake:2  | Reached skill level 3 in Shields
 27370 | Snake:2  | Killed Aizul
 27631 | Snake:3  | Noticed Louise
 27639 | Snake:3  | Killed Louise
 27701 | Snake:3  | Found a transporter.
 27703 | Snake:3  | Found a transporter.
 28052 | Snake:3  | Reached skill level 17 in Spellcasting
 28052 | Snake:3  | Reached skill level 17 in Conjurations
 28052 | Snake:3  | Reached skill level 17 in Hexes
 28052 | Snake:3  | Reached skill level 17 in Summonings
 28052 | Snake:3  | Reached skill level 17 in Necromancy
 28052 | Snake:3  | Reached skill level 17 in Translocations
 28052 | Snake:3  | Reached skill level 17 in Fire Magic
 28052 | Snake:3  | Reached skill level 17 in Ice Magic
 28052 | Snake:3  | Reached skill level 17 in Air Magic
 28052 | Snake:3  | Reached skill level 17 in Earth Magic
 28052 | Snake:3  | Reached skill level 17 in Alchemy
 28062 | Snake:3  | Reached skill level 5 in Dodging
 28119 | Snake:3  | Reached skill level 4 in Shields
 28213 | Snake:3  | Found a burning altar of Makhleb.
 28568 | Snake:4  | Entered Level 4 of the Snake Pit
 28837 | Snake:4  | Reached XP level 18. HP: 103/151 MP: 0/0
 28882 | Snake:4  | Reached skill level 6 in Dodging
 28897 | Snake:4  | Reached skill level 5 in Shields
 29354 | Snake:4  | Found a stormy altar of Qazlal.
 29522 | Snake:4  | Found Tutree's Antique Weapon Shoppe.
 29525 | Snake:4  | Bought a brightly glowing battleaxe for 379 gold pieces
 29525 | Snake:4  | Identified the +6 battleaxe "Eklehum" {speed, rC+} (You
                  | bought it in a shop on level 4 of the Snake Pit)
 29525 | Snake:4  | Bought an ebony quarterstaff for 297 gold pieces
 29525 | Snake:4  | Identified the +10 quarterstaff "Eleeh" {flame, *Rage rElec
                  | Str+6} (You bought it in a shop on level 4 of the Snake
                  | Pit)
 29651 | Snake:4  | Reached skill level 7 in Dodging
 29663 | Snake:4  | Reached skill level 6 in Shields
 29997 | Snake:4  | Got a serpentine rune of Zot
 30242 | Shoals:1 | Entered Level 1 of the Shoals
 31453 | Shoals:2 | Reached skill level 8 in Dodging
 31539 | Shoals:2 | Reached skill level 7 in Shields
 31681 | Shoals:2 | Reached skill level 18 in Spellcasting
 31681 | Shoals:2 | Reached skill level 18 in Conjurations
 31681 | Shoals:2 | Reached skill level 18 in Hexes
 31681 | Shoals:2 | Reached skill level 18 in Summonings
 31681 | Shoals:2 | Reached skill level 18 in Necromancy
 31681 | Shoals:2 | Reached skill level 18 in Translocations
 31681 | Shoals:2 | Reached skill level 18 in Fire Magic
 31681 | Shoals:2 | Reached skill level 18 in Ice Magic
 31681 | Shoals:2 | Reached skill level 18 in Air Magic
 31681 | Shoals:2 | Reached skill level 18 in Earth Magic
 31681 | Shoals:2 | Reached skill level 18 in Alchemy
 31992 | Shoals:2 | Found Wohy's Jewellery Emporium.
 32411 | Shoals:3 | Reached XP level 19. HP: 99/157 MP: 0/0
 32411 | Shoals:3 | Learned a level 7 spell: Orb of Destruction
 32593 | Shoals:3 | Reached skill level 9 in Dodging
 32642 | Shoals:3 | Found Tuxumy's Antique Armour Shop.
 33135 | Shoals:4 | Entered Level 4 of the Shoals
 33143 | Shoals:4 | Reached skill level 8 in Shields
 33220 | Shoals:4 | HP: 15/157 [satyr/arrow (14)]
 34242 | Shoals:4 | Found a white marble altar of Elyvilon.
 34321 | Shoals:4 | Reached skill level 10 in Dodging
 34419 | Shoals:4 | Reached skill level 9 in Shields
 34545 | Shoals:4 | Identified the +0 robe of the Louse {rPois}
 34612 | Shoals:4 | Identified the +4 flail "Jegaewe" {elec, rN+ Int+2}
 35320 | Shoals:4 | Found a glowing golden altar of the Shining One.
 35370 | Shoals:4 | Got a barnacled rune of Zot
 35438 | Shoals:4 | Found a glowing silver altar of Zin.
 35765 | Vaults:1 | Entered Level 1 of the Vaults
 35988 | Vaults:1 | Reached skill level 19 in Spellcasting
 35988 | Vaults:1 | Reached skill level 19 in Conjurations
 35988 | Vaults:1 | Reached skill level 19 in Hexes
 35988 | Vaults:1 | Reached skill level 19 in Summonings
 35988 | Vaults:1 | Reached skill level 19 in Necromancy
 35988 | Vaults:1 | Reached skill level 19 in Translocations
 35988 | Vaults:1 | Reached skill level 19 in Fire Magic
 35988 | Vaults:1 | Reached skill level 19 in Ice Magic
 35988 | Vaults:1 | Reached skill level 19 in Air Magic
 35988 | Vaults:1 | Reached skill level 19 in Earth Magic
 35988 | Vaults:1 | Reached skill level 19 in Alchemy
 36195 | Vaults:1 | Reached XP level 20. HP: 156/164 MP: 0/0
 36496 | Vaults:1 | Reached skill level 11 in Dodging
 36583 | Vaults:1 | Reached skill level 10 in Shields
 36836 | Vaults:1 | Found Uggiosaj's Jewellery Emporium.
 37663 | Vaults:2 | Found Sutoiciu's Weapon Emporium.
 38004 | Vaults:2 | Reached skill level 12 in Dodging
 38051 | Vaults:2 | Noticed Margery
 38062 | Vaults:2 | Killed Margery
 38064 | Vaults:2 | Mangled by a searing wretch

Vanquished Creatures
  Margery (Vaults:2)
  A sphinx (Vaults:2)
  Frances (Snake:1)
  Aizul (Snake:2)
  Kirke (D:13)
  5 nagarajas (Snake:4)
  A frost giant (IceCv)
  2 vault wardens
  Louise (Snake:3)
  An angel (Shoals:4)
  6 ironbound preservers
  The ghost of Woezunes the Tormented, an adept FeSu of Kikubaaqudgha (Snake:2)
  2 formless jellyfish
  2 ironbound thunderhulks
  4 dire elephants (Vaults:1)
  A quicksilver dragon zombie (D:15)
  A fire dragon (Lair:5)
  6 merfolk javelineers (Shoals:4)
  8 merfolk impalers
  A deep elf high priest (Vaults:2)
  2 yaktaur captains
  3 salamander tyrants
  5 great orbs of eyes
  2 vault guards (D:14)
  9 hydras
  2 catoblepae
  4 alligator snapping turtles (Shoals:4)
  10 merfolk aquamancers
  3 merfolk avatars
  15 anacondas
  5 ironbound frosthearts
  15 centaur warriors
  2 two-headed ogres
  8 naga warriors
  4 satyrs
  7 death yaks
  4 boulder beetles
  A tengu warrior (D:14)
  A vampire mage (D:15)
  12 naga sharpshooters
  3 orc high priests (Orc:2)
  3 shock serpents
  An occultist (Lair:5)
  2 hell knights (Vaults:2)
  A sun demon (Lair:5)
  6 salamander mystics
  3 skeletal warriors (D:15)
  3 cherubim (Shoals:4)
  9 mana vipers
  15 sea snakes
  A skyshark (Shoals:2)
  17 deep trolls
  2 arcanists (Vaults:1)
  7 lindwurms
  4 ironbound convokers
  4 naga ritualists
  A necromancer (D:15)
  14 harpies
  5 orc knights (Orc:2)
  12 fauns
  8 cyclopes
  25 elephants
  6 orc sorcerers
  12 manticores
  11 ugly things
  2 oklob plants
  8 salamanders
  6 merfolk sirens
  A salamander (shapeshifter) (D:14)
  A guardian serpent (Snake:1)
  41 black mambas
  2 kobold blastminers (Orc:2)
  A smoke demon (Lair:5)
  An ice statue (IceCv)
  Joseph (D:7)
  5 vault sentinels
  8 naga magi
  18 cane toads
  4 unseen horrors
  6 water nymphs
  2 orange demons (Lair:5)
  8 rime drakes
  Jeremiah (D:6)
  3 kobold demonologists (D:12)
  An anaconda simulacrum (Snake:2)
  3 tengu conjurers
  8 komodo dragons
  An efreet (D:13)
  11 yaktaurs
  An ice devil (Lair:5)
  A troll (shapeshifter) (D:13)
  2 red devils (Lair:5)
  6 trolls
  28 merfolk
  9 wind drakes
  8 polar bears
  17 dream sheep
  10 blink frogs
  11 snapping turtles
  18 slime creatures
  5 wraiths
  2 wyverns
  A spriggan skeleton (D:15)
  Sigmund (D:2)
  A centaur simulacrum (D:14)
  58 yaks
  2 shadows (D:10)
  A warg (Orc:1)
  2 steam dragons
  Eustachio (D:4)
  6 water elementals
  4 humans
  7 basilisks
  A steam dragon (shapeshifter) (D:15)
  6 vampire mosquitoes
  42 nagas
  An acid dragon (D:10)
  15 water moccasins
  5 hell hounds (Lair:5)
  13 orc warriors
  2 spectral nagas (Snake:2)
  2 sky beasts
  A black bear (D:6)
  Pargi (Sewer)
  2 laughing skulls (D:12)
  An ice beast (D:6)
  18 wolves
  A black mamba simulacrum (Snake:2)
  4 boggarts (Vaults:2)
  13 centaurs
  5 ogres
  6 kobold brigands
  A phantom (D:6)
  2 elf zombies (Ossuary)
  2 brain worms (Sewer)
  14 bullfrogs
  2 gnoll sergeants
  A scorpion (D:6)
  4 wights
  A killer bee (D:10)
  7 naga simulacra (Snake:2)
  5 howler monkeys
  2 bombardier beetles (D:7)
  2 electric eels (Lair:1)
  2 centaur zombies (Ossuary)
  3 human zombies (Ossuary)
  3 jellies
  3 hounds
  20 orc priests
  Crazy Yiuf (D:7)
  3 iguanas
  Natasha (thrice) (D:2)
  24 orc wizards
  A hound zombie (Ossuary)
  2 mummies (Ossuary)
  11 adders
  7 gnolls
  2 shadow imps
  3 white imps
  2 ufetubi (D:6)
  2 adder zombies (Ossuary)
  2 dart slugs
  3 ribbon worms
  57 orcs
  11 ball pythons
  11 bats
  12 endoplasms
  2 giant cockroaches
  6 goblins
  5 hobgoblins
  2 jackals (D:4)
  4 quokkas
  5 frilled lizards
  9 gnoll zombies (Ossuary)
  7 jackal zombies (Ossuary)
  31 kobolds
  7 kobold zombies (Ossuary)
  4 orc zombies (Ossuary)
  10 rats
  2 foxfires (Shoals:2)
1145 creatures vanquished.

Vanquished Creatures (collateral kills)
  A naga warrior (Snake:1)
  A naga sharpshooter (Snake:1)
  A salamander (Snake:1)
  29 foxfires
32 creatures vanquished.

Vanquished Creatures (others)
  3 humans (D:13)
  2397 foxfires
2400 creatures vanquished.

Grand Total: 3577 creatures vanquished

Table legend: (Time is in decaauts)
 A = Elapsed time spent in this place.
 B = Non-inter-level travel time spent in this place.
 C = Inter-level travel time spent in this place.
 D = Time resting spent in this place.
 E = Time spent auto-exploring this place.
 F = Levels seen in this place.
 G = Mean time per level.
                   A        B        C        D        E       F      G
               +--------+--------+--------+--------+--------+-----+--------+
         Total |  38151 |  35323 |   2828 |   5669 |  22009 |  35 | 1090.0 |
       Dungeon |  15120 |  13582 |   1538 |   1795 |   9205 |  15 | 1008.0 |
          Lair |   7725 |   7116 |    609 |   1358 |   4072 |   5 | 1545.0 |
        Shoals |   5265 |   5116 |    149 |   1522 |   2630 |   4 | 1316.2 |
     Snake Pit |   5021 |   4757 |    264 |    578 |   3109 |   4 | 1255.2 |
  Orcish Mines |   1412 |   1334 |     78 |      5 |    963 |   2 |  706.0 |
        Vaults |   2300 |   2112 |    188 |    400 |   1330 |   2 | 1150.0 |
         Sewer |    288 |    288 |      0 |      0 |    164 |   1 |  288.0 |
       Ossuary |    372 |    372 |      0 |      0 |    120 |   1 |  372.0 |
      Ice Cave |    645 |    645 |      0 |     11 |    416 |   1 |  645.0 |
               +--------+--------+--------+--------+--------+-----+--------+

Top non-repeatable levels by time:
  Lair:3: 1908 daAuts
  Lair:4: 1837 daAuts
  Lair:5: 1784 daAuts
Vaults:1: 1782 daAuts
Shoals:4: 1724 daAuts
Shoals:3: 1517 daAuts
 Snake:4: 1465 daAuts
    D:12: 1459 daAuts
 Snake:2: 1353 daAuts
     D:7: 1313 daAuts
    D:13: 1180 daAuts
 Snake:1: 1176 daAuts
    D:14: 1172 daAuts
     D:9: 1167 daAuts
  Lair:2: 1125 daAuts

Table legend:
 A = Non-vault XP
 B = Vault XP
 C = Vault XP percentage of total XP
 D = Non-vault monster count
 E = Vault monster count
 F = Vault count percentage of total count
                 A         B        C        D         E       F
            +---------+---------+-------+---------+---------+-------
      Total |  264637 |  132621 |  33.4 |     812 |     332 |  29.0
            +---------+---------+-------+---------+---------+-------
        D:1 |      81 |      10 |  11.0 |      30 |       4 |  11.8
        D:2 |     142 |     251 |  63.9 |      13 |       2 |  13.3
        D:3 |      96 |       0 |   0.0 |      17 |       0 |   0.0
        D:4 |     157 |     198 |  55.8 |      11 |       1 |   8.3
        D:5 |     231 |       9 |   3.8 |       8 |       3 |  27.3
        D:6 |    1066 |     383 |  26.4 |      25 |       1 |   3.8
        D:7 |     552 |     683 |  55.3 |      12 |       3 |  20.0
        D:8 |    1532 |       0 |   0.0 |      24 |       0 |   0.0
        D:9 |    1577 |       0 |   0.0 |      35 |       0 |   0.0
       D:10 |    1870 |    3017 |  61.7 |      22 |      11 |  33.3
       D:11 |    1926 |       0 |   0.0 |      10 |       0 |   0.0
       D:12 |    6903 |       0 |   0.0 |      40 |       0 |   0.0
       D:13 |    8580 |    1428 |  14.3 |      28 |       1 |   3.4
       D:14 |    6358 |    3973 |  38.5 |      17 |       6 |  26.1
       D:15 |    6372 |    4867 |  43.3 |      16 |       7 |  30.4
     Lair:1 |    3391 |    1632 |  32.5 |      17 |       9 |  34.6
     Lair:2 |    5860 |    1426 |  19.6 |      25 |       4 |  13.8
     Lair:3 |    7097 |    1010 |  12.5 |      24 |      10 |  29.4
     Lair:4 |   15862 |       0 |   0.0 |      41 |       0 |   0.0
     Lair:5 |   14576 |   11150 |  43.3 |      41 |      28 |  40.6
   Shoals:1 |    6956 |       0 |   0.0 |      19 |       0 |   0.0
   Shoals:2 |   18745 |       0 |   0.0 |      41 |       0 |   0.0
   Shoals:3 |   14804 |       0 |   0.0 |      28 |       0 |   0.0
   Shoals:4 |   17724 |   33980 |  65.7 |      32 |      48 |  60.0
    Snake:1 |   20655 |    1564 |   7.0 |      39 |       1 |   2.5
    Snake:2 |   15013 |    3621 |  19.4 |      28 |      13 |  31.7
    Snake:3 |   13857 |    1162 |   7.7 |      28 |       1 |   3.4
    Snake:4 |   20095 |   17397 |  46.4 |      33 |      31 |  48.4
      Orc:1 |    2076 |       0 |   0.0 |      27 |       0 |   0.0
      Orc:2 |    2222 |    9052 |  80.3 |      16 |      30 |  65.2
   Vaults:1 |   26531 |    8104 |  23.4 |      37 |      11 |  22.9
   Vaults:2 |   21730 |   13666 |  38.6 |      28 |      18 |  39.1
      Sewer |       0 |     383 | 100.0 |       0 |      14 | 100.0
    Ossuary |       0 |     562 | 100.0 |       0 |      39 | 100.0
      IceCv |       0 |   13093 | 100.0 |       0 |      36 | 100.0
            +---------+---------+-------+---------+---------+-------
